 Dungeon Crawl Stone Soup version 0.30-a0-1164-ge08a67761e (webtiles) character file.

Game seed: 16189175277493219891

112 voltaire321 the Sneak (level 5, -8/29 HPs)
             Began as a Kobold Enchanter on Apr 29, 2023.
             Was an Initiate of Gozag.
             Mangled by a gnoll
             ... wielding a +0 spear
              (9 damage)
             ... on level 3 of the Dungeon.
             The game lasted 00:04:05 (2142 turns).

voltaire321 the Sneak (Kobold Enchanter)            Turns: 2142, Time: 00:04:06

Health: -8/29      AC:  2    Str:  8    XL:     5   Next: 16%
Magic:  7/8        EV: 15    Int: 16    God:    Gozag
Gold:   141        SH:  0    Dex: 15    Spells: 7/9 levels left

rFire   . . .        a - +1 dagger
rCold   . . .        (no shield)
rNeg    . . .        b - +0 robe
rPois   .            (no helmet)
rElec   .            (no cloak)
rCorr   .            (no gloves)
SInv    .            (no boots)
Will    .....        (no amulet)
Stlth   ++++         (no ring)
HPRegen 0.24/turn    (no ring)
MPRegen 0.11/turn

%: no passive effects
@: no status effects
A: small, no large weapons, nightstalker 3
a: Renounce Religion, Potion Petition, Call Merchant, Bribe Branch


You were on level 3 of the Dungeon.
You worshipped Gozag.
Gozag was aware of your devotion.
You visited 1 branch of the dungeon, and saw 3 of its levels.

You collected 161 gold pieces.
You paid 20 gold pieces to Gozag.

Inventory:

Hand Weapons
 a - a +1 dagger (weapon)
Armour
 b - a +0 robe (worn)
Jewellery
 k - an amulet of guardian spirit
Scrolls
 d - 2 scrolls of identify {unknown}
 i - a scroll of butterflies {unknown}
 j - a scroll of fog {unknown}
 l - a scroll of enchant weapon {unknown}
 m - a scroll of teleportation {unknown}
Potions
 c - a potion of invisibility
 e - a potion of heal wounds {unknown}
 f - a potion of berserk rage
 g - a potion of degeneration {unknown}
 h - a potion of flight {unknown}
 n - a potion of lignification {unknown}


   Skills:
 + Level 1.3 Fighting
 + Level 2.4 Short Blades
 + Level 3.1 Dodging
 * Level 5.3 Stealth
 + Level 2.6 Spellcasting
 + Level 3.3 Hexes
 + Level 1.0 Ice Magic


You had 7 spell levels left.
You knew the following spells:

 Your Spells              Type           Power      Damage    Failure   Level
a - Ensorcelled Hibernat  Hex/Ice        18%        N/A       12%         2

Your spell library contained the following spells:

 Spells                   Type           Power      Damage    Failure   Level
 Confusing Touch          Hex            12%        N/A       16%         3
 Tukima's Dance           Hex            12%        N/A       16%         3
 Dazzling Flash           Conj/Hex       14%        N/A       30%         3
 Ozocubu's Armour         Ice            5%         N/A       36%         3
 Cause Fear               Hex            6%         N/A       45%         4
 Anguish                  Hex/Necr       3%         N/A       69%         4
 Enfeeble                 Hex            6%         N/A       100%        7
 Ozocubu's Refrigeration  Ice            2%         4d8       100%        7


Dungeon Overview and Level Annotations

Branches:
Dungeon (3/15)

Altars:
Gozag
Zin

Shops:
D:2 [


Innate Abilities, Weirdness & Mutations

You are small and have problems with some larger weapons.
You are completely attuned to the shadows.


Message History

The gnoll shouts!
You hit the gnoll but do no damage.
You hear a shout!
The gnoll misses you.
Aiming: Ensorcelled Hibernation (safe; 12% risk of failure)
Press: ? - help, Q - select action, (/) - cycle Shift-Dir - straight line, f - gnoll
Aim: a gnoll, wielding a +0 spear (chance to affect: 51%)
The gnoll resists with significant effort.
The gnoll drinks a potion.
The gnoll goes berserk!
The gnoll is distracted by your dazzling golden aura.
Aiming: Ensorcelled Hibernation (safe; 12% risk of failure)
Press: ? - help, Q - select action, (/) - cycle Shift-Dir - straight line, f - you, p - gnoll That would be overly suicidal.
Okay, then.
Unknown command.
The gnoll hits you from afar with a +0 spear!
The gnoll hits you from afar with a +0 spear.
You hear a shout!
You see here a +0 whip.
The gnoll hits you from afar with a +0 spear.
Things that are here:
a +0 whip; 7 poisoned darts The gnoll closely misses you.
The gnoll barely misses you.
The gnoll shouts!
You hear a shout!
The gnoll hits you from afar with a +0 spear.
The gnoll closely misses you.
The gnoll rages.
The gnoll misses you.
You hear a shout!
The gnoll barely misses you.
The gnoll hits you from afar with a +0 spear.
* * * LOW HITPOINT WARNING * * *
The gnoll barely misses you. The gnoll closely misses you.
The gnoll is no longer berserk.
The gnoll hits you from afar with a +0 spear.
* * * LOW HITPOINT WARNING * * *
The gnoll hits you from afar with a +0 spear!
You die...
Your body crumbles into a pile of gold.

.≈.#...≈.#.≈.#.#.....
#.≈.#...≈.#.≈.)..#.##
#.≈.##g_≈g#.≈.##.#.#
#.≈...≈≈≈.#.≈....# #
#.≈≈≈≈).).#.≈.####
#....g#####.≈.....
######.g.g..≈.#.##
.....≈≈≈≈≈≈≈.#.#
≈≈≈≈≈..@.....# #
#######........
#########


You could see 3 gnolls.

Vanquished Creatures
  An orc wizard (D:3)
  A gnoll (D:3)
  3 adders
  4 dart slugs
  4 orcs
  3 ball pythons
  4 endoplasms
  A hobgoblin (D:2)
  5 kobolds
  3 quokkas
  2 bats (D:2)
  4 frilled lizards
  2 goblins
  5 rats
42 creatures vanquished.

Notes
Turn   | Place    | Note
-------+----------+-------------------------------------------
     0 | D:1      | voltaire321 the Kobold Enchanter began the quest for the
                  | Orb.
     0 | D:1      | Reached XP level 1. HP: 10/10 MP: 3/3
   172 | D:1      | Reached XP level 2. HP: 13/16 MP: 5/5
   175 | D:1      | Learned a level 2 spell: Ensorcelled Hibernation
   562 | D:1      | Reached XP level 3. HP: 15/20 MP: 6/6
  1135 | D:2      | Reached skill level 1 in Fighting
  1153 | D:2      | Reached XP level 4. HP: 8/25 MP: 1/7
  1308 | D:2      | Found an opulent altar of Gozag.
  1377 | D:2      | Became a worshipper of Gozag Ym Sagoz the Greedy
  1518 | D:2      | Reached skill level 5 in Stealth
  1733 | D:2      | Found Lere's Antique Armour Emporium.
  1802 | D:3      | Reached XP level 5. HP: 18/29 MP: 1/8
  1884 | D:2      | HP: 1/29 [orc/+0 quarterstaff (5)]
  2103 | D:3      | Found a glowing silver altar of Zin.
  2110 | D:3      | Reached skill level 1 in Ice Magic
  2141 | D:3      | HP: 1/29 [gnoll/+0 spear (6)]
  2142 | D:3      | Mangled by a gnoll

Illustrated notes

Levels and vault maps discovered:
D:1:      eino_arrival_cavern_b, layout_loops_cross, st_stairs_2
D:2:      layout_rooms, basic_altar, serial_shops,
          nicolae_shop_tiny_real_fake_doors
D:3:      layout_basic, nicolae_overflow_squiral

Skill      XL: |  1  2  3  4  5 |
---------------+----------------+-----
Fighting       | 1 |  1.3
Short Blades   | 2 |  2.4
Stealth        | 5 |  5.3
Dodging        | 3 |  3.1
Ice Magic      | 1 |  1.0
Spellcasting   | |  2.6
Hexes          | |  3.3

Action                     |  1- 3 |  4- 6 || total
---------------------------+-------+-------++-------
  Melee: Dagger            |    92 |    44 ||   136
         Punch             |     1 |       ||     1
   Cast: Ensorcelled Hiber |     5 |    16 ||    21
    Use: Potion            |       |     1 ||     1
   Stab: Sleeping          |    10 |    15 ||    25
 Armour: Robe              |     6 |     1 ||     7
  Dodge: Dodged            |    60 |    35 ||    95

Table legend: (Time is in decaauts)
 A = Elapsed time spent in this place.
 B = Non-inter-level travel time spent in this place.
 C = Inter-level travel time spent in this place.
 D = Time resting spent in this place.
 E = Time spent auto-exploring this place.
 F = Levels seen in this place.
 G = Mean time per level.
                   A        B        C        D        E       F      G
               +--------+--------+--------+--------+--------+-----+--------+
         Total |   2134 |   2081 |     53 |    371 |   1335 |   3 |  711.3 |
       Dungeon |   2134 |   2081 |     53 |    371 |   1335 |   3 |  711.3 |
               +--------+--------+--------+--------+--------+-----+--------+

Top non-repeatable levels by time:
     D:2: 991 daAuts
     D:1: 946 daAuts
     D:3: 196 daAuts
